 Dungeon Crawl Stone Soup version 0.18-b1-14-g029dad2 (webtiles) character file.

31 Keyn the Skirmisher (level 3, -2/29 HPs)
             Began as a Demonspawn Abyssal Knight on Apr 30, 2016.
             Was a Follower of Lugonu.
             Succumbed to a hobgoblin's poison
             ... on level 1 of the Dungeon.
             The game lasted 00:04:23 (706 turns).

Keyn the Skirmisher (Demonspawn Abyssal Knight)      Turns: 706, Time: 00:04:24

Health: -2/29      AC:  3    Str: 13    XL:     3   Next: 7%
Magic:  5/5        EV: 11    Int: 13    God:    Lugonu [*.....]
Gold:   38         SH:  0    Dex: 12    Spells: 0 memorised, 2 levels left

rFire  . . .     SeeInvis .     a - +1 falchion
rCold  . . .     Gourm    .     b - +0 leather armour
rNeg   . . .     Faith    .     (no shield)
rPois  .         Spirit   .     (no helmet)
rElec  .         Dismiss  .     (no cloak)
rCorr  .         Reflect  .     (no gloves)
SustAt .         Harm     .     (no boots)
MR     .....                    (no amulet)
Stlth  ++........               (no ring)
                                (no ring)

@: lethally poisoned (-2 -> -32), flying, not resistant to hostile enchantments,
unstealthy
A: nightstalker 1, powered by pain 1
a: Depart the Abyss, Renounce Religion


You were on level 1 of the Dungeon.
You worshipped Lugonu.
Lugonu was aware of your devotion.
You were not hungry.

You visited 1 branch of the dungeon, and saw 1 of its levels.
You visited the Abyss 1 time.

You collected 38 gold pieces.

Inventory:

Hand Weapons
 a - a +1 falchion (weapon)
 f - a +2 whip of venom
Armour
 b - a +0 leather armour (worn)
 i - a +0 pair of gloves
Scrolls
 h - a scroll of magic mapping {unknown}
 k - 2 scrolls of remove curse {unknown}
Potions
 g - a potion of lignification {unknown}
 j - a potion of invisibility {unknown}
Comestibles
 c - a bread ration
 d - 2 fruits


   Skills:
 + Level 3.1 Fighting
 + Level 2.1 Long Blades
 + Level 2.1 Armour
 + Level 1.3 Dodging
 + Level 0.8 Stealth
 + Level 2.9 Invocations


You had 2 spell levels left.
You didn't know any spells.

Dungeon Overview and Level Annotations

Branches:
Dungeon (1/15)

Altars:


Innate Abilities, Weirdness & Mutations

You are slightly more attuned to the shadows.
You sometimes gain a little power by taking damage.


Message History

You are lethally poisoned!
You hit the hobgoblin.
The hobgoblin is heavily wounded.
You feel sick.
The hobgoblin hits you with a hand axe of venom.
* * * LOW HITPOINT WARNING * * *
You are more poisoned.
You barely miss the hobgoblin.
The hobgoblin is heavily wounded.
* * * LOW HITPOINT WARNING * * *
You feel sick.
The hobgoblin hits you with a hand axe of venom.
* * * LOW HITPOINT WARNING * * *
You are more poisoned.
Unknown command.
Drink which item? (? for menu, Esc to quit)
It was a potion of flight.
You feel very buoyant.
You fly up into the air.
You die...

#........##
..##.
#.....#...#
..#..
#....†###.###
.....
#####..##...#
...>.
##.####.########
.....
#.....†........
#...
...####..#####
#... ##..
###...######
##...
#.##..g@.......
.....
.#..########..
##... #.# .....
... ..... #..
..... #... .....
... ....# ...


You could see a hobgoblin.

Vanquished Creatures
  A gnoll (D:1)
  2 giant geckos (D:1)
  A bat (D:1)
  A giant cockroach (D:1)
  3 goblins (D:1)
  4 hobgoblins (D:1)
  2 kobolds (D:1)
  4 rats (D:1)
18 creatures vanquished.

Notes
Turn   | Place    | Note
--------------------------------------------------------------
     0 | Abyss:1  | Keyn the Demonspawn Abyssal Knight began the quest for the Orb.
     0 | Abyss:1  | Reached XP level 1. HP: 18/18 MP: 2/2
    68 | Abyss:1  | Found an ancient bone altar of Kikubaaqudgha.
    72 | Abyss:1  | Noticed a raiju
    73 | D:1      | Escaped the Abyss
    84 | D:1      | Reached skill level 1 in Dodging
   104 | D:1      | Gained mutation: You are slightly more attuned to the shadows. [demonic ancestry]
   104 | D:1      | Reached XP level 2. HP: 13/24 MP: 3/3
   121 | D:1      | Reached * piety under Lugonu
   685 | D:1      | Gained mutation: You sometimes gain a little power by taking damage. [demonic ancestry]
   685 | D:1      | Reached XP level 3. HP: 29/29 MP: 5/5
   705 | D:1      | HP: 1/29 [hobgoblin/hand axe of venom (4)]
   706 | D:1      | Succumbed to a hobgoblin's poison

Skill      XL: |  1 |
---------------+----+-----
Dodging        | 1 |  1.3
Long Blades    | 2 |  2.1
Armour         | 2 |  2.1
Fighting       | |  3.1
Stealth        | |  0.8
Invocations    | |  2.9

Action                   || total
-------------------------++-------
Melee: Falchion          ||    69
Invok: Depart the Abyss  ||     1
  Use: Potion            ||     1
 Stab: Sleeping          ||     1
Armor: Leather armour    ||    18
Dodge: Dodged            ||    41
